Map: Blackburn LE

Players

Neeb - Winner!

  • Race: Protoss Protoss

Namshar

  • Race: Zerg Zerg

Event: DreamHack SC2 Masters 2021 Fall

VOD

Have the link to the VOD?

Description

Time

  • Played on: Aug. 3, 2021, 5:39 p.m.
  • Length: 7:00

All games in this series

Show
View Real Time Build Order
Export as new Build Order

Neeb Protoss - Winner!

Build Orders: 1 Gate Expand, Oracle Opening 

Get SALT Encoding   

  12  0:00  Probe  
  13  0:12  Probe  
  14  0:20  Pylon  
  14  0:24  Probe  
  15  0:38  Probe (Chrono Boost)  
  15  0:41  Gateway  
  16  0:47  Probe (Chrono Boost)  
  17  0:50  Assimilator  
  17  0:52  Probe (Chrono Boost)  
  18  1:04  Probe  
  19  1:16  Probe  
  20  1:27  Nexus  
  20  1:37  Cybernetics Core  
  20  1:41  Probe  
  20  1:47  Assimilator  
  21  1:53  Probe  
  22  1:57  Pylon  
  22  2:05  Probe (Chrono Boost)  
  24  2:15  Probe (Chrono Boost)  
  24  2:16  Stargate  
  24  2:19  Adept  
  24  2:22  Probe (Chrono Boost)  
  26  2:27  Warp Gate  
  27  2:33  Probe (Chrono Boost)  
  28  2:38  Probe (Chrono Boost)  
  28  2:39  Probe (Chrono Boost)  
  30  2:48  Probe  
  30  2:49  Adept  
  30  2:51  Probe  
  34  2:57  Oracle (Chrono Boost)  
  34  3:00  Probe  
  34  3:03  Probe  
  39  3:07  Pylon  
  39  3:13  Probe  
  39  3:15  Probe  
  39  3:18  Gateway  
  41  3:20  Void Ray (Chrono Boost)  
  41  3:25  Probe  
  42  3:30  Probe  
  47  3:37  Probe  
  47  3:39  Pylon  
  48  3:42  Probe  
  48  3:43  Adept  
  51  3:49  Probe  
  51  3:54  Probe  
  51  3:55  Pylon  
  53  4:01  Probe  
  54  4:05  Nexus  
  54  4:08  Assimilator  
  54  4:10  Probe  
  54  4:14  Pylon  
  54  4:15  Assimilator  
  55  4:17  Probe  
  55  4:24  Void Ray (Chrono Boost), Stargate  
  56  4:25  Probe  
  61  4:33  Probe  
  61  4:37  Probe (Chrono Boost)  
  63  4:43  Shield Battery  
  64  4:49  Probe (Chrono Boost)  
  64  4:51  Probe (Chrono Boost)  
  65  4:56  Probe (Chrono Boost)  
  65  4:58  Void Ray (Chrono Boost)  
  65  4:59  Probe (Chrono Boost)  
  71  5:00  Void Ray (Chrono Boost)  
  71  5:04  Probe  
  72  5:08  Pylon  
  72  5:09  Probe  
  77  5:16  Probe  
  77  5:18  Probe  
  77  5:19  Pylon  
  79  5:22  Probe  
  79  5:24  Forge  
  79  5:28  Probe  
  81  5:32  Void Ray (Chrono Boost)  
  81  5:34  Sentry, Stalker  
  81  5:35  Pylon  
  85  5:37  Void Ray (Chrono Boost)  
  93  5:45  Shield Battery  
  93  5:47  Shield Battery  
  93  5:52  Shield Battery  
  93  6:01  Photon Cannon  
  93  6:02  Adept x2  
  97  6:04  Photon Cannon  
  97  6:07  Shield Battery  
  97  6:08  Photon Cannon  
  97  6:09  Shield Battery  
  97  6:11  Pylon  
  97  6:19  Void Ray x2 (Chrono Boost)  
  97  6:25  Stalker x2  
  105  6:44  Shield Battery, Probe  
  105  6:45  Probe x2  
  105  6:46  Shield Battery  
  102  6:48  Shield Battery  
  102  6:56  Assimilator x2  
  102  6:57  Adept x2  
Show
View Real Time Build Order
Export as new Build Order

Namshar Zerg 

Build Orders: Hatch First 

Get SALT Encoding   

  12  0:00  Drone  
  13  0:12  Overlord  
  13  0:16  Drone  
  14  0:30  Drone x2  
  16  0:43  Drone  
  17  0:52  Hatchery  
  17  0:56  Drone  
  17  0:59  Drone  
  18  1:09  Extractor  
  17  1:14  Spawning Pool  
  17  1:17  Drone  
  17  1:20  Drone  
  18  1:27  Drone  
  19  1:47  Hatchery  
  19  1:49  Drone  
  19  2:03  Zergling x2  
  19  2:04  Queen  
  19  2:07  Drone x2  
  24  2:15  Overlord  
  24  2:20  Metabolic Boost  
  24  2:24  Drone  
  24  2:28  Drone  
  26  2:36  Queen  
  28  2:38  Drone  
  28  2:41  Drone  
  30  2:48  Drone x2  
  30  2:49  Drone  
  33  2:56  Overlord  
  33  2:57  Drone  
  34  3:00  Drone  
  34  3:05  Queen  
  35  3:12  Drone x3  
  40  3:16  Zergling x2  
  41  3:20  Zergling x2  
  41  3:24  Spore Crawler  
  41  3:27  Overlord  
  41  3:28  Drone  
  41  3:30  Spore Crawler  
  41  3:31  Drone x2  
  43  3:36  Spore Crawler  
  42  3:43  Drone x3  
  42  3:46  Drone  
  42  3:47  Drone x3  
  49  3:55  Queen  
  49  3:56  Overlord  
  49  3:57  Drone  
  49  3:59  Drone  
  49  4:00  Drone  
  54  4:07  Overlord x2  
  54  4:08  Drone  
  55  4:10  Drone  
  55  4:13  Overlord  
  55  4:15  Drone  
  57  4:19  Drone  
  57  4:24  Overlord  
  58  4:25  Drone  
  58  4:26  Drone x4  
  58  4:29  Extractor  
  58  4:30  Extractor  
  61  4:32  Roach Warren, Drone  
  61  4:33  Drone  
  62  4:39  Drone x4  
  66  4:46  Queen  
  66  4:50  Queen  
  70  4:56  Overlord x2  
  69  5:04  Queen  
  71  5:12  Roach x7  
  85  5:20  Overlord  
  85  5:22  Queen  
  85  5:25  Roach x4  
  95  5:32  Roach  
  95  5:33  Roach  
  99  5:37  Zergling x14  
  99  5:40  Ravager x2  
  99  5:41  Ravager  
  99  5:42  Overlord  
  109  5:48  Zergling x2  
  109  5:49  Zergling x4  
  112  5:51  Ravager  
  112  5:54  Overlord x2  
  113  6:05  Ravager x2, Zergling x2  
  113  6:06  Zergling x12  
  122  6:11  Queen  
  122  6:15  Zergling x8  
  127  6:24  Zergling x6  
  111  6:40  Zergling x18  

Tags
 
Add a new tag
Caveats
  • Supply blocks, unpowered buildings, or Contaminate may cause inaccurate times.
  • Supply counts are checked every 10 seconds.